 Dungeon Crawl Stone Soup version 0.26-a0-18-g135ff06667 (webtiles) character file.

Game seed: 10678887874662416323, levelgen mode: deterministic

5361 Mrkan the Basher (level 10, -13/63 HPs)
             Began as a Gargoyle Fighter on May 25, 2020.
             Was a High Priest of Trog.
             Mangled by an orc warrior
             ... wielding a +0 dire flail
              (14 damage)
             ... on level 9 of the Dungeon.
             The game lasted 00:28:48 (11024 turns).

Mrkan the Basher (Gargoyle Fighter)                Turns: 11024, Time: 00:28:49

Health: -13/63     AC: 22    Str: 23    XL:     10   Next: 65%
Magic:  10/10      EV:  6    Int: 14    God:    Trog [*****.]
Gold:   376        SH:  0    Dex: 10    Spells: 9/9 levels left

rFire    + + .     SeeInvis .   G - +1 morningstar
rCold    + . .     Gourm    .   c - +0 kite shield
rNeg     + . .     Faith    .   q - +0 plate armour
rPois    ∞         Spirit   .   E - +0 helmet
rElec    +         Reflect  .   h - scarf {rC+ rF+}
rCorr    .         Harm     .   (no gloves)
MR       .....                  (no boots)
Stlth    ..........             (no amulet)
HPRegen  0.20/turn              n - ring of protection from fire
MPRegen  0.12/turn              w - +6 ring of intelligence

@: confused, berserk cooldown, slowed, very slow
A: negative energy resistance 1, electricity resistance, unbreathing,
petrification resistance, rot immunity, AC +7
a: Berserk, Trog's Hand, Brothers in Arms, Renounce Religion


You were on level 9 of the Dungeon.
You worshipped Trog.
Trog was extremely pleased with you.
You were near starving.

You visited 1 branch of the dungeon, and saw 9 of its levels.

You collected 376 gold pieces.

Inventory:

Hand Weapons
 a - a +0 flail
 G - a +1 morningstar (weapon)
Missiles
 y - 10 curare-tipped darts (quivered)
Armour
 c - a +0 kite shield (worn)
 h - a scarf of resistance (worn)
 q - a +0 plate armour (worn)
 E - a +0 helmet (worn)
Jewellery
 g - a cursed amulet of inaccuracy {unknown}
 k - an uncursed ring of magical power
 n - a ring of protection from fire (left hand)
 p - an uncursed ring of stealth
 r - an uncursed ring of resist corrosion {unknown}
 w - a +6 ring of intelligence (right hand)
Wands
 s - a wand of acid (8)
 H - a wand of iceblast (8)
Scrolls
 i - a scroll of blinking
 j - 4 scrolls of enchant weapon
 l - 3 scrolls of teleportation
Potions
 b - a potion of heal wounds
 d - a potion of might
 e - 2 potions of stabbing {unknown}
 m - a potion of curing {unknown}
 o - 2 potions of flight {unknown}
 z - a potion of resistance {unknown}
 A - 3 potions of lignification
 C - 2 potions of haste
 F - a potion of mutation {unknown}
 K - a potion of ambrosia {unknown}
Comestibles
 f - 19 rations


   Skills:
 + Level 7.3 Fighting
 * Level 10.1 Maces & Flails
 + Level 7.7 Armour
 - Level 1.7 Dodging
 - Level 0.2 Stealth
 + Level 9.1 Shields


You had 9 spell levels left.
You didn't know any spells.
Your spell library contained the following spells:

 Spells                   Type           Power        Failure   Level  Hunger
 Magic Dart               Conj           #...         100%        1    ##.....
 Searing Ray              Conj           #.....       100%        2    ###....
 Dazzling Flash           Conj/Hex       #.....       100%        3    ####...
 Fulminant Prism          Conj/Hex       #.........   100%        4    #####..
 Iskenderun's Mystic Bla  Conj/Tloc      #.......     100%        4    #####..


Dungeon Overview and Level Annotations

Branches:
Dungeon (9/15)             Temple (0/1) D:6             Orc (0/2) D:9
   Lair: D:8-11

Altars:
Fedhas
Trog

Annotations:
D:9 3 runed translucent doors, Mrkan's ghost, novice TrMo


Innate Abilities, Weirdness & Mutations

You are resistant to torment.
Your stone body is resilient. (AC +7)
You are immune to poison.
You resist negative energy. (rN+)
You are resistant to electric shocks. (rElec)
You can survive without breathing.
You are immune to petrification.
You are immune to rotting.


Message History

The orc wizard casts a spell at you. The puff of flame misses you.
The orc warrior hits you but does no damage.
You hear some strange, mumbled words.
A puff of flame appears from out of thin air!
The puff of flame hits you. You resist.
* * * LOW HITPOINT WARNING * * *
The orc priest calls upon Beogh to heal the orc warrior.
Unknown command.
You bump into the rock wall.
The orc wizard hits you but does no damage.
Something hits you but does no damage.
Okay, then.
You bump into the rock wall.
You feel a strong urge to attack something.
You are no longer berserk.
You are exhausted.
You feel yourself slow down.
The orc warrior hits you with a +0 dire flail!
You die...

####.)## .........#
#..#)..##
..>......#
#.......##
#........#
##...)...#
#.......#
##......##
##......#
##...>..## ####.#.#
# #.....#..## ###.#
##### #.....##..##
#..#
....###....####o@##
#..# ...........#
##{o## #..#
#..........# #o..##
#..# ##.........#
##.).###..#
##........#
##...##..#
##.......#
##...#..# ##......#
#......#
####.......#
##.....#
...........#
##.)..# .%


You could see an orc warrior, an orc priest and an orc wizard.

Vanquished Creatures
  A two-headed ogre (D:9)
  2 hippogriffs
  A wyvern (D:9)
  A yak (D:9)
  An ice beast (D:8)
  A sky beast (D:6)
  A phantom (D:4)
  An orc warrior (D:7)
  2 black bears (D:8)
  An eye of draining (D:8)
  A necrophage (D:9)
  A centaur (D:5)
  4 ogres
  3 big kobolds
  3 bullfrogs
  2 scorpions
  10 killer bees
  10 wights
  2 howler monkeys
  A crimson imp (D:4)
  3 hounds
  A centaur skeleton (D:9)
  4 orc priests
  5 jellies
  Ijyb (D:4)
  2 bullfrog skeletons
  2 iguanas
  13 orc wizards
  6 worker ants
  2 killer bee zombies (D:6)
  2 hound zombies
  A hound skeleton (D:6)
  10 adders
  3 gnolls (D:5)
  A shadow imp (D:8)
  4 adder skeletons
  3 worms
  5 dart slugs (D:1)
  4 leopard geckos
  58 orcs
  6 bats
  3 giant cockroaches
  12 goblins
  15 hobgoblins
  16 jackals
  2 ball pythons
  6 frilled lizards
  A jackal zombie (D:5)
  25 kobolds
  12 rats
277 creatures vanquished.

Vanquished Creatures (others)
  2 fungi (D:9)
  2 plants (D:9)
4 creatures vanquished.

Grand Total: 281 creatures vanquished

Notes
Turn   | Place    | Note
-------+----------+-------------------------------------------
     0 | D:1      | Mrkan the Gargoyle Fighter began the quest for the Orb.
     0 | D:1      | Reached XP level 1. HP: 14/14 MP: 1/1
   234 | D:1      | Reached XP level 2. HP: 7/19 MP: 2/2
   675 | D:1      | Reached XP level 3. HP: 22/23 MP: 3/3
  1472 | D:2      | Reached XP level 4. HP: 29/29 MP: 4/4
  2045 | D:3      | Found a bloodstained altar of Trog.
  2124 | D:3      | Became a worshipper of Trog the Wrathful
  2543 | D:3      | Reached skill level 3 in Maces & Flails
  2543 | D:3      | Reached XP level 5. HP: 33/33 MP: 5/5
  2883 | D:4      | Noticed an ogre
  3062 | D:3      | Reached XP level 6. HP: 38/38 MP: 6/6
  3079 | D:3      | Reached skill level 4 in Maces & Flails
  3137 | D:4      | Reached * piety under Trog
  3391 | D:4      | Reached skill level 5 in Shields
  3494 | D:4      | Noticed a phantom
  3529 | D:4      | Killed a phantom
  3529 | D:4      | Reached XP level 7. HP: 28/44 MP: 7/7
  3797 | D:4      | Reached skill level 5 in Maces & Flails
  3982 | D:4      | Noticed Ijyb
  3992 | D:4      | Killed Ijyb
  4331 | D:5      | Entered Level 5 of the Dungeon
  4391 | D:4      | Reached skill level 1 in Dodging
  4552 | D:5      | Reached skill level 5 in Armour
  4675 | D:5      | Reached ** piety under Trog
  5365 | D:5      | Reached XP level 8. HP: 48/48 MP: 8/8
  5597 | D:5      | Reached skill level 6 in Maces & Flails
  5923 | D:6      | Reached skill level 5 in Fighting
  6445 | D:6      | Found a staircase to the Ecumenical Temple.
  6954 | D:7      | Reached *** piety under Trog
  7097 | D:7      | Reached skill level 7 in Maces & Flails
  7514 | D:7      | Reached XP level 9. HP: 51/54 MP: 9/9
  7980 | D:7      | Reached skill level 8 in Maces & Flails
  8388 | D:8      | Found a blossoming altar of Fedhas.
  8889 | D:7      | Reached **** piety under Trog
  9181 | D:8      | Reached skill level 9 in Maces & Flails
  9220 | D:8      | Reached XP level 10. HP: 52/61 MP: 10/10
 10070 | D:9      | Noticed a kobold demonologist
 10071 | D:9      | Noticed a kobold demonologist
 10071 | D:9      | Identified the +10 short sword "Viacued" {elec, MR+ Dex+4
                  | SInv}
 10072 | D:9      | Found a runed translucent gate.
 10072 | D:9      | Found a runed translucent gate.
 10072 | D:9      | Found a runed translucent gate.
 10073 | D:9      | Noticed Mrkan's ghost (novice TrMo)
 10096 | D:9      | Found a staircase to the Orcish Mines.
 10516 | D:9      | Noticed a two-headed ogre
 10529 | D:9      | Killed a two-headed ogre
 10854 | D:9      | Reached skill level 10 in Maces & Flails
 10990 | D:9      | Reached ***** piety under Trog
 11021 | D:9      | HP: 4/94 [orc priest/divine providence (12)]
 11022 | D:9      | HP: 1/94 [something/puff of flame (3)]
 11024 | D:9      | Mangled by an orc warrior

Illustrated notes

Levels and vault maps discovered:
D:1:      co_arrival_random_square_maze, layout_basic, st_stairs_5
D:2:      layout_rooms, first_ration
D:3:      layout_basic, old_standard_altar, hangedman_decor_push,
          corexii_item_surrounded_by_moat
D:4:      layout_basic, uniq_ijyb
D:5:      layout_gridville
D:6:      layout_loops_ring, minmay_temple_entry_antechambers
D:7:      layout_basic
D:8:      layout_gridville, basic_altar
D:9:      layout_cave_pods, orc_0_dummy, gammafunk_ghost_nasty_kobolds

Skill      XL: |  1  2  3  4  5  6  7  8  9 10 |
---------------+-------------------------------+-----
Shields        | 4 5 6 8 9 |  9.1
Fighting       | 4 5 6 7 |  7.3
Maces & Flails | 3 4 5 7 9 10 | 10.1
Armour         | 4 5 6 7 |  7.7
Dodging        | 1 |  1.7
Stealth        | |  0.2

Action                   |  1- 3 |  4- 6 |  7- 9 | 10-12 || total
-------------------------+-------+-------+-------+-------++-------
Melee: Flail             |   129 |   284 |   497 |       ||   910
       Morningstar       |       |       |   226 |   208 ||   434
Invok: Berserk           |       |       |     3 |     2 ||     5
  Use: Potion            |       |     1 |     1 |       ||     2
       Scroll            |       |       |    14 |       ||    14
  Eat: Chunk             |     2 |     7 |    23 |     6 ||    38
Armor: Scale mail        |    64 |       |       |       ||    64
       Chain mail        |    23 |   192 |   364 |       ||   579
       Plate armour      |       |       |    38 |   143 ||   181
Dodge: Dodged            |    38 |    64 |   174 |    56 ||   332
Block: Kite shield       |    82 |   184 |   451 |   169 ||   886

Table legend:
 A = Non-vault XP
 B = Vault XP
 C = Vault XP percentage of total XP
 D = Non-vault monster count
 E = Vault monster count
 F = Vault count percentage of total count
                 A         B        C        D         E       F
            +---------+---------+-------+---------+---------+-------
      Total |    7615 |      44 |   0.6 |     274 |       3 |   1.1
            +---------+---------+-------+---------+---------+-------
        D:1 |      57 |       5 |   8.1 |      26 |       2 |   7.1
        D:2 |      39 |       0 |   0.0 |      26 |       0 |   0.0
        D:3 |     235 |       0 |   0.0 |      30 |       0 |   0.0
        D:4 |     666 |      39 |   5.5 |      44 |       1 |   2.2
        D:5 |     369 |       0 |   0.0 |      18 |       0 |   0.0
        D:6 |     421 |       0 |   0.0 |      17 |       0 |   0.0
        D:7 |    1323 |       0 |   0.0 |      36 |       0 |   0.0
        D:8 |    2056 |       0 |   0.0 |      40 |       0 |   0.0
        D:9 |    2449 |       0 |   0.0 |      37 |       0 |   0.0
            +---------+---------+-------+---------+---------+-------
